 Dungeon Crawl Stone Soup version 0.31-a0-214-gb37851dbb3 (webtiles) character file.

Game seed: 4574182596736760109

263897 Vorhees the Eclecticist (level 20, -11/155 HPs)
             Began as a Djinni Conjurer on June 18, 2023.
             Was an Initiate of Gozag.
             Mangled by a +1 morningstar of protection (16 damage)
             ... animated by Zenata
             ... on level 2 of the Vaults on July 1, 2023.
             The game lasted 01:47:40 (46450 turns).

Vorhees the Eclecticist (Djinni Conjurer)          Turns: 46450, Time: 01:47:45

Health: -11/155    AC: 23    Str:  6    XL:     20   Next: 85%
Gold:   5926       EV: 11    Int: 41    God:    Gozag SH:  6 Dex: 12

rFire   + + +        E - +7 war axe of Wounding {freeze, Int+5}
rCold   . . .        m - +0 buckler
rNeg    . . .        U - quicksilver dragon scales of Oferul {rElec Will+ Int+3}
rPois   ∞            p - +2 helmet
rElec   +            b - +2 cloak {rPois}
rCorr   .            e - +2 pair of gloves
SInv    .            (boots unavailable)
Will    +++..        N - amulet of regeneration
Stlth   +            O - ring of Accord {rElec rPois rF+ rC+ Dex-2}
HPRegen 1.25/turn    y - +6 ring of intelligence
MPRegen 0.00/turn

%: infuse magic (-12 HP)
@: about to teleport, flying
A: sickness immunity, fire resistance 2, cold vulnerability 1, float, innate
caster, HP casting, extra vitality 1
}: 2/15 runes: serpentine, barnacled
a: Renounce Religion, Potion Petition, Call Merchant, Bribe Branch


You were on level 2 of the Vaults.
You worshipped Gozag.
Gozag was greatly pleased with you.
You visited 7 branches of the dungeon, and saw 33 of its levels.
You also visited: Sewer.

You collected 13803 gold pieces.
You spent 5360 gold pieces at shops.
You paid 2517 gold pieces to Gozag.

Inventory:

Hand Weapons
 E - the +7 war axe of Wounding (weapon) {freeze, Int+5}
   (You found it on level 10 of the Dungeon)

   Int:       It affects your intelligence (+5).
 I - the +6 morningstar of Rotten Watchfulness {flame, rElec MP+9 Stlth+}
   (You found it on level 4 of the Snake Pit)

   rElec:     It insulates you from electricity.
   MP:        It affects your magic capacity (+9).
   Stlth:     It makes you more stealthy.
Armour
 b - a +2 cloak of poison resistance (worn)
 e - a +2 pair of gloves (worn)
 m - a +0 buckler (worn)
 p - a +2 helmet (worn)
 B - the +3 hat of Pondering {ponderous, Will+ MP+10 Int+5}
   (You took it off Gastronok on level 8 of the Dungeon)

   Int:       It affects your intelligence (+5).
   MP:        It affects your magic capacity (+10).
   Will:      It increases your willpower.
 Q - a +0 kite shield
 U - the quicksilver dragon scales of Oferul (worn) {rElec Will+ Int+3}
   (You bought it in a shop on level 2 of the Shoals)

   Int:       It affects your intelligence (+3).
   rElec:     It insulates you from electricity.
   Will:      It increases your willpower.
Jewellery
 g - the ring "Gyclefaarr" {rF+ AC+4}
   (You found it on level 4 of the Shoals)

   [ring of protection]

   AC:        It affects your AC (+4).
   rF:        It protects you from fire.
 y - a +6 ring of intelligence (right hand)
 D - a ring of see invisible
 J - a ring of resist corrosion
 M - a ring of willpower
 N - an amulet of regeneration (around neck)
 O - the ring of Accord (left hand) {rElec rPois rF+ rC+ Dex-2}
   (You bought it in a shop on level 2 of the Orcish Mines)

   [ring of protection from cold]

   Dex:       It affects your dexterity (-2).
   rF:        It protects you from fire.
   rC:        It protects you from cold.
   rElec:     It insulates you from electricity.
   rPois:     It protects you from poison.
Wands
 c - a wand of roots (35)
 f - a wand of flame (31)
 h - a wand of charming (28)
 j - a wand of polymorph (27)
 H - a wand of acid (11)
 R - a wand of mindburst (25)
 T - a wand of digging (3)
Scrolls
 d - 20 scrolls of teleportation
 q - a scroll of blinking
 w - 3 scrolls of fear
 x - 3 scrolls of poison
 F - 3 scrolls of revelation
 G - 3 scrolls of fog
 L - 7 scrolls of identify
 P - 2 scrolls of immolation
Potions
 a - 2 potions of berserk rage
 k - 5 potions of ambrosia
 l - 15 potions of curing
 n - a potion of invisibility
 o - 4 potions of heal wounds
 r - 4 potions of mutation
 s - 4 potions of might
 t - 3 potions of resistance
 u - 3 potions of haste
 v - 7 potions of attraction
 z - 3 potions of brilliance
 A - 2 potions of enlightenment
 K - 4 potions of lignification


   Skills:
 + Level 17.3 Fighting
 - Level 1.1 Axes
 - Level 10.9 Armour
 - Level 9.1 Dodging
 - Level 3.0 Stealth
 - Level 10.5 Shields
 * Level 20.1 Spellcasting
 * Level 20.1 Conjurations
 * Level 20.1 Hexes
 * Level 20.1 Summonings
 * Level 20.1 Necromancy
 * Level 20.1 Translocations
 * Level 20.1 Transmutations
 * Level 20.1 Fire Magic
 * Level 20.1 Ice Magic
 * Level 20.1 Air Magic
 * Level 20.1 Earth Magic
 * Level 20.1 Poison Magic
 + Level 0.8 Evocations


You knew the following spells:

 Your Spells              Type           Power      Damage    Failure   Level
a - Magic Dart            Conj           100%       1d8       0%          1
b - Searing Ray           Conj           100%       2d8       0%          2
c - Dazzling Flash        Conj/Hex       100%       N/A       0%          3
d - Fulminant Prism       Conj/Hex       58%        3d24      0%          4
e - Iskenderun's Mystic   Conj/Tloc      100%       2d19      0%          4
f - Apportation           Tloc           100%       N/A       0%          1
g - Poisonous Vapours     Pois/Air       100%       N/A       0%          2
h - Wereblood             Tmut           100%       N/A       0%          2
i - Hailstorm             Conj/Ice       100%       3d20      0%          3
j - Yara's Violent Unrav  Hex/Tmut       58%        3d22      0%          5
k - Iskenderun's Battles  Conj           100%       2d15      0%          5
l - Statue Form           Tmut/Erth      78%        N/A       1%          6
m - Haunt                 Necr/Summ      58%        N/A       1%          7
n - Malign Gateway        Summ/Tloc      58%        N/A       1%          7
Your spell library was empty.

Dungeon Overview and Level Annotations

Branches:
Dungeon (15/15)            Temple (1/1) D:5            Lair (5/5) D:11
 Shoals (4/4) Lair:3        Snake (4/4) Lair:2        Slime (0/5) Lair:5
    Orc (2/2) D:10            Elf (0/3) Orc:2        Vaults (2/5) D:13
 Depths (0/4) D:15          Sewer (visited)
  Crypt: Vaults:2-3

Altars:
Ashenzari
Cheibriados
Dithmenos
Elyvilon
Fedhas
Gozag
Hepliaklqana
Makhleb
Nemelex Xobeh
Okawaru
Qazlal
Ru
Trog
Uskayaw
Wu Jian
Xom
Yredelemnul
Zin
The Shining One
Jiyva

Shops:
D:9 [   Orc:2 ![*(=[[   Shoals:2 *[   Snake:1 =::   Snake:3 [*[[

Annotations:
D:3 2 transporters, Notanamesir's ghost, weakling VSCK
Temple 2 transporters
Shoals:1 3 runed translucent doors, Diptof's ghost, adept TeAE; Pygol's ghost, adept DDNe
Vaults:1 2 transporters
Vaults:2 Asterion; Zenata


Innate Abilities, Weirdness & Mutations

You are immune to sickness and miasma.
You are immune to poison.
Your flesh is very heat resistant. (rF++)
You are vulnerable to cold. (rC-)
You float through the air rather than walking.
You learn spells naturally, not from books.
Your magical power is your life essence.
You have superior vitality. (+4 MHP)


Message History

Your shadow wraith hits Asterion!!
You block the +1 heavy scimitar's attack.
The +1 heavy scimitar hits you!!
The +1 morningstar of protection hits you!
The +1 heavy scimitar closely misses you.
Asterion hits your shadow wraith with a +0 spectral demon blade!!
The +0 spectral demon blade hits your shadow wraith!!
Asterion gores your shadow wraith but does no damage.
Your shadow wraith hits Asterion.
A +0 spectral demon blade comes into view.
Unknown command.
As you read the scroll of teleportation, it crumbles to dust.
You feel strangely unstable.
The +3 short sword of electrocution hits you but does no damage.
The +1 heavy scimitar hits you but does no damage.
You block the +1 morningstar of protection's attack.
Something hits your shadow wraith. The +1 heavy scimitar hits you.
The +3 short sword of electrocution hits you but does no damage.
The +1 morningstar of protection hits you but does no damage.
Something hits your shadow wraith!
Your shadow wraith is destroyed!
Your shadow wraith disappears in a puff of smoke!
The +1 heavy scimitar hits you!!
* * * LOW HITPOINT WARNING * * *
Zenata laughs, "Think you're sharper than me?"
The +3 short sword of electrocution hits you but does no damage.
The +0 spectral demon blade moves out of view.
You feel much better. The +1 heavy scimitar hits you!!
The +3 short sword of electrocution closely misses you.
The +1 morningstar of protection hits you!
* * * LOW HITPOINT WARNING * * *
The +1 heavy scimitar hits you!
* * * LOW HITPOINT WARNING * * *
The +3 short sword of electrocution hits you.
* * * LOW HITPOINT WARNING * * *
The +1 heavy scimitar hits you!!
* * * LOW HITPOINT WARNING * * *
The +1 morningstar of protection hits you!
You die...
Your body crumbles into a pile of gold.

.................
.........§....$..
........W..$.....
.....H.§.H§...T..
'########$#######
#...a...#
#.......#
#..(((..#
#..<@(..#
#.......#
#.......#
#.......#
#########


You could see Zenata, Asterion (fast, slow, misshapen) and 4 dancing weapons.

Vanquished Creatures
  Gastronok (D:8)
  An eldritch tentacle (Shoals:4)
  Donald (Shoals:1)
  6 nagarajas
  Aizul (Snake:2)
  2 orc warlords
  2 ironbound preservers (Vaults:1)
  Azrael (Snake:2)
  Nessos (Orc:2)
  Josephine (Orc:2)
  A fire dragon (Lair:5)
  A yaktaur captain (Vaults:1)
  Fannar (Orc:1)
  A centaur warrior (D:13)
  11 anacondas
  2 boulder beetles
  A satyr (Shoals:2)
  A death knight (D:15)
  A catoblepas (Shoals:3)
  8 hydras
  2 dancing weapons (D:13)
  2 merfolk avatars (Shoals:3)
  4 tengu warriors
  6 two-headed ogres
  7 naga warriors
  11 naga sharpshooters
  4 orc high priests
  A vampire mage (D:15)
  5 shock serpents
  2 skysharks (Lair:5)
  3 salamander mystics
  A swamp dragon (Lair:5)
  A sea snake (Shoals:3)
  2 naga ritualists (Snake:3)
  2 phantasmal warriors (D:15)
  An ironbound convoker (Vaults:1)
  4 orc knights (Orc:2)
  4 harpies
  A deep elf pyromancer (D:13)
  A necromancer (D:15)
  8 orc sorcerers
  An ugly thing (D:12)
  2 fauns (Shoals:2)
  10 mana vipers
  A wolf spider (Lair:5)
  3 manticores
  2 cyclopes
  9 salamanders
  8 elephants
  A frost giant skeleton (D:15)
  Maurice (Orc:2)
  6 guardian serpents
  43 black mambas
  A torpor snail (Lair:1)
  12 naga magi
  4 gargoyles
  A vault sentinel (Vaults:1)
  15 cane toads
  2 unseen horrors
  A freezing wraith (D:15)
  10 rime drakes
  11 komodo dragons
  A yaktaur (shapeshifter) (D:15)
  An efreet (D:9)
  2 tengu conjurers (D:14)
  8 trolls
  A yaktaur (Vaults:1)
  A queen bee (shapeshifter) (D:13)
  A queen bee (Lair:2)
  2 hornets (Lair:5)
  A polar bear (Lair:1)
  6 meliai (Lair:2)
  A wind drake (Shoals:2)
  A spriggan zombie (D:15)
  A tarantella (Vaults:1)
  25 blink frogs
  6 dream sheep
  Sigmund (D:2)
  11 slime creatures
  5 shadows
  2 water elementals (Shoals:2)
  A vampire (D:12)
  14 wyverns
  69 yaks
  13 wraiths
  11 basilisks
  3 fire elementals (Snake:2)
  10 vampire mosquitoes
  2 redbacks (Lair:5)
  4 humans (D:9)
  A steam dragon (D:8)
  A warg (Orc:2)
  22 nagas
  5 hell hounds (Snake:2)
  Edmund (D:6)
  4 acid dragons
  30 water moccasins
  39 orc warriors
  A swamp drake (Lair:5)
  4 black bears
  2 ice beasts
  A sky beast (D:8)
  15 wolves
  13 ogres
  4 centaurs
  2 phantoms
  15 bullfrogs
  3 scorpions
  4 wights (D:5)
  24 killer bees
  An electric eel (D:12)
  6 howler monkeys
  14 jellies
  A bullfrog zombie (D:5)
  A crimson imp (D:5)
  A hound (D:6)
  2 gnoll boudas
  23 orc priests
  Ijyb (D:3)
  5 iguanas (Lair:5)
  Terence (D:3)
  20 orc wizards
  A sleepcap (D:4)
  A howler monkey zombie (D:5)
  6 gnolls
  10 river rats
  6 adders
  A shadow imp (D:7)
  A worm (D:5)
  4 dart slugs
  76 orcs
  5 endoplasms
  10 giant cockroaches
  5 goblins
  13 hobgoblins
  3 jackals (D:1)
  3 quokkas
  12 ball pythons
  11 bats
  5 frilled lizards
  9 kobolds
  26 rats
940 creatures vanquished.

Vanquished Creatures (collateral kills)
  Bai Suzhen (Shoals:4)
  Nikola (Shoals:3)
  Jorgrun (Shoals:3)
  Polyphemus (Shoals:4)
  Frances (Shoals:1)
  Kirke (Shoals:1)
  Ilsuiw (Shoals:4)
  A fire giant (Vaults:1)
  A nagaraja (Snake:4)
  6 vault wardens (Vaults:1)
  An orc warlord (Vaults:1)
  A formless jellyfish (Vaults:1)
  2 ironbound thunderhulks (Vaults:1)
  3 ironbound preservers
  4 dire elephants (Vaults:1)
  7 merfolk impalers
  4 merfolk javelineers
  A deep elf high priest (Vaults:1)
  2 yaktaur captains (Vaults:1)
  An entropy weaver (Vaults:1)
  5 vault guards (Vaults:1)
  3 merfolk aquamancers
  5 ironbound frosthearts (Vaults:1)
  2 salamander tyrants (Snake:4)
  A catoblepas (Shoals:4)
  A boulder beetle (D:15)
  A centaur warrior (D:14)
  4 merfolk avatars
  2 anacondas
  2 satyrs
  4 death yaks (Shoals:4)
  A naga warrior (Snake:4)
  A shock serpent (Snake:3)
  3 naga sharpshooters
  4 skysharks
  2 skeletal warriors (D:15)
  A salamander mystic (Snake:3)
  12 sea snakes
  7 deep trolls
  A naga ritualist (Snake:4)
  3 wizards
  A spark wasp zombie (D:15)
  6 ironbound convokers (Vaults:1)
  4 lindwurms (Vaults:1)
  A deep elf pyromancer (D:15)
  4 orc knights (Vaults:1)
  15 harpies
  A mana viper (Snake:2)
  A salamander (Snake:4)
  2 cyclopes
  A necromancer (Vaults:1)
  2 ugly things (Vaults:1)
  15 fauns
  8 manticores
  5 guardian serpents
  3 vault sentinels (Vaults:1)
  2 black mambas
  A naga mage (Snake:4)
  5 water nymphs
  11 merfolk sirens
  A tengu conjurer (D:15)
  18 merfolk
  7 yaktaurs (Vaults:1)
  6 wind drakes
  4 dream sheep
  9 snapping turtles
  8 slime creatures
  7 water elementals
  5 hogs (Shoals:1)
  A basilisk (D:15)
  A glowing shapeshifter zombie (D:15)
  A naga (Snake:3)
  A howler monkey (D:14)
  2 spectral weapons (Vaults:2)
265 creatures vanquished.

Vanquished Creatures (others)
  27 eldritch tentacles
  A catoblepas (Shoals:3)
  A two-headed ogre (D:13)
  A centaur warrior (D:13)
  A harpy (Shoals:4)
  A cyclops (D:13)
  A merfolk (shapeshifter) (Shoals:4)
  An orc priest (Orc:1)
  An orc (Orc:2)
  99 fulminant prisms
134 creatures vanquished.

Grand Total: 1339 creatures vanquished

Notes
Turn   | Place    | Note
-------+----------+-------------------------------------------
     0 | D:1      | Vorhees the Djinni Conjurer began the quest for the Orb.
     0 | D:1      | Vorhees set off with the following spells memorised: Magic
                  | Dart, Searing Ray, Dazzling Flash, Fulminant Prism,
                  | Iskenderun's Mystic Blast.
     0 | D:1      | Reached XP level 1. HP: 15/15 MP: 0/0
   147 | D:1      | Reached XP level 2. HP: 16/22 MP: 0/0
   308 | D:1      | Reached skill level 1 in Fighting
   463 | D:1      | Reached XP level 3. HP: 27/27 MP: 0/0
   463 | D:1      | Learned a level 1 spell: Apportation
  1324 | D:2      | Noticed Sigmund
  1357 | D:2      | Killed Sigmund
  1358 | D:2      | Reached XP level 4. HP: 23/34 MP: 0/0
  1358 | D:2      | Reached XP level 5. HP: 27/40 MP: 0/0
  1358 | D:2      | Learned a level 2 spell: Poisonous Vapours
  1358 | D:2      | Reached XP level 6. HP: 31/45 MP: 0/0
  1505 | D:2      | You are sucked into a shaft and drop 1 floor!
  2168 | D:3      | Found a transporter.
  2168 | D:3      | Noticed Notanamesir's ghost (weakling VSCK)
  2170 | D:3      | Found a transporter.
  2283 | D:3      | Found a glowing golden altar of the Shining One.
  2504 | D:3      | Noticed Terence
  2513 | D:3      | Killed Terence
  2540 | D:3      | Noticed Ijyb
  2559 | D:3      | Killed Ijyb
  2827 | D:3      | Found a faded altar of an unknown god.
  2987 | D:3      | Upgraded the game from 0.31-a0-177-g4aa6249778 to
                  | 0.31-a0-180-g519b7de00c
  3175 | D:4      | Reached XP level 7. HP: 19/51 MP: 0/0
  3175 | D:4      | Learned a level 2 spell: Wereblood
  4552 | D:5      | Entered Level 5 of the Dungeon
  4670 | D:5      | Reached skill level 5 in Spellcasting
  4670 | D:5      | Reached skill level 5 in Conjurations
  4670 | D:5      | Reached skill level 5 in Hexes
  4670 | D:5      | Reached skill level 5 in Summonings
  4670 | D:5      | Reached skill level 5 in Necromancy
  4670 | D:5      | Reached skill level 5 in Translocations
  4670 | D:5      | Reached skill level 5 in Transmutations
  4670 | D:5      | Reached skill level 5 in Fire Magic
  4670 | D:5      | Reached skill level 5 in Ice Magic
  4670 | D:5      | Reached skill level 5 in Air Magic
  4670 | D:5      | Reached skill level 5 in Earth Magic
  4670 | D:5      | Reached skill level 5 in Poison Magic
  4712 | D:5      | Found an ornate altar of the Wu Jian Council.
  4728 | D:5      | Reached XP level 8. HP: 33/58 MP: 0/0
  4823 | D:5      | Found a stormy altar of Qazlal.
  4872 | D:5      | Found a staircase to the Ecumenical Temple.
  4884 | Temple   | Entered the Ecumenical Temple
  4884 | Temple   | Found a transporter.
  4884 | Temple   | Found a transporter.
  4886 | Temple   | Found a transporter.
  4886 | Temple   | Found a transporter.
  4924 | Temple   | Became a worshipper of Gozag Ym Sagoz the Greedy
  5062 | D:5      | Reached skill level 5 in Fighting
  5433 | D:5      | Found a basalt altar of Yredelemnul.
  5937 | D:5      | Found a burning altar of Makhleb.
  5941 | D:5      | Reached XP level 9. HP: 61/66 MP: 0/0
  5941 | D:5      | Learned a level 3 spell: Hailstorm
  6523 | D:6      | Noticed Edmund
  6541 | D:6      | Killed Edmund
  6561 | D:6      | Found a glowing drain.
  6670 | Sewer    | Entered a sewer
  9113 | D:8      | Noticed a two-headed ogre
  9126 | D:8      | Killed a two-headed ogre
  9127 | D:8      | Reached XP level 10. HP: 29/77 MP: 0/0
  9330 | D:8      | Noticed Gastronok
  9402 | D:8      | Killed Gastronok
 10335 | D:9      | Reached skill level 10 in Fighting
 10346 | D:9      | Reached XP level 11. HP: 77/85 MP: 0/0
 10346 | D:9      | Learned a level 5 spell: Yara's Violent Unravelling
 10731 | D:9      | Found Siosunit's Armour Shoppe.
 11118 | D:9      | Noticed a two-headed ogre
 11129 | D:9      | Killed a two-headed ogre
 11706 | D:9      | Found a hide-covered altar of Uskayaw.
 11886 | D:10     | Entered Level 10 of the Dungeon
 12009 | D:10     | Reached skill level 10 in Spellcasting
 12009 | D:10     | Reached skill level 10 in Conjurations
 12009 | D:10     | Reached skill level 10 in Hexes
 12009 | D:10     | Reached skill level 10 in Summonings
 12009 | D:10     | Reached skill level 10 in Necromancy
 12009 | D:10     | Reached skill level 10 in Translocations
 12009 | D:10     | Reached skill level 10 in Transmutations
 12009 | D:10     | Reached skill level 10 in Fire Magic
 12009 | D:10     | Reached skill level 10 in Ice Magic
 12009 | D:10     | Reached skill level 10 in Air Magic
 12009 | D:10     | Reached skill level 10 in Earth Magic
 12009 | D:10     | Reached skill level 10 in Poison Magic
 12205 | D:10     | Identified the +7 war axe of Wounding {freeze, Int+5}
 12591 | D:10     | Noticed a two-headed ogre
 12597 | D:10     | Killed a two-headed ogre
 12684 | D:10     | Found a staircase to the Orcish Mines.
 13094 | D:11     | Reached XP level 12. HP: 75/95 MP: 0/0
 13527 | D:11     | Found a staircase to the Lair.
 14587 | Lair:1   | Entered Level 1 of the Lair of Beasts
 14873 | Lair:1   | You are sucked into a shaft and drop 1 floor!
 14873 | Lair:2   | Found a staircase to the Snake Pit.
 14883 | Lair:2   | Reached skill level 5 in Dodging
 15646 | Lair:1   | Reached XP level 13. HP: 87/103 MP: 0/0
 15646 | Lair:1   | Learned a level 5 spell: Iskenderun's Battlesphere
 18639 | Lair:3   | Reached XP level 14. HP: 67/112 MP: 0/0
 18910 | Lair:3   | Reached skill level 15 in Fighting
 19462 | Lair:3   | Found a staircase to the Shoals.
 20674 | Lair:5   | Entered Level 5 of the Lair of Beasts
 21396 | Lair:5   | Found a viscous altar of Jiyva.
 21401 | Lair:5   | Found a staircase to the Slime Pits.
 22121 | Lair:5   | Reached XP level 15. HP: 95/122 MP: 0/0
 22121 | Lair:5   | Learned a level 6 spell: Statue Form
 24482 | Orc:1    | Entered Level 1 of the Orcish Mines
 24510 | Orc:1    | Reached skill level 1 in Armour
 24728 | Orc:1    | Noticed Fannar
 24737 | Orc:1    | Killed Fannar
 24750 | Orc:1    | Noticed an orc warlord
 25056 | Orc:1    | Killed an orc warlord
 25481 | Orc:2    | Entered Level 2 of the Orcish Mines
 25484 | Orc:2    | Noticed Maurice
 25491 | Orc:2    | Killed Maurice
 25707 | Orc:2    | Found a staircase to the Elven Halls.
 25785 | Orc:2    | Noticed Nessos
 25795 | Orc:2    | Killed Nessos
 25804 | Orc:2    | Noticed an orc warlord
 25818 | Orc:2    | Paralysed by an orc sorcerer for 2 turns
 25846 | Orc:2    | Killed an orc warlord
 26176 | Orc:2    | Found Inyduduy's Antique Weapon Shop.
 26688 | Orc:2    | Reached XP level 16. HP: 71/130 MP: 0/0
 26901 | Orc:2    | Noticed Josephine
 26911 | Orc:2    | Killed Josephine
 26912 | Orc:2    | Reached skill level 15 in Spellcasting
 26912 | Orc:2    | Reached skill level 15 in Conjurations
 26912 | Orc:2    | Reached skill level 15 in Hexes
 26912 | Orc:2    | Reached skill level 15 in Summonings
 26912 | Orc:2    | Reached skill level 15 in Necromancy
 26912 | Orc:2    | Reached skill level 15 in Translocations
 26912 | Orc:2    | Reached skill level 15 in Transmutations
 26912 | Orc:2    | Reached skill level 15 in Fire Magic
 26912 | Orc:2    | Reached skill level 15 in Ice Magic
 26912 | Orc:2    | Reached skill level 15 in Air Magic
 26912 | Orc:2    | Reached skill level 15 in Earth Magic
 26912 | Orc:2    | Reached skill level 15 in Poison Magic
 27206 | Orc:2    | Found Cimiel's Armour Shoppe.
 27217 | Orc:2    | Found Daetwoj's Distillery.
 27219 | Orc:2    | Found Ohupn's Assorted Antiques.
 27260 | Orc:2    | Bought a dented beryl amulet for 130 gold pieces
 27613 | Orc:2    | Bought the ring of Accord {rElec rPois rF+ rC+ Dex-2} for
                  | 828 gold pieces
 27621 | Orc:2    | Bought a polished tower shield for 380 gold pieces
 27621 | Orc:2    | Identified the +1 tower shield of Chill Winds {Will+ Str+3}
                  | (You bought it in a shop on level 2 of the Orcish Mines)
 27621 | Orc:2    | Bought a pair of jewelled gloves for 380 gold pieces
 27621 | Orc:2    | Identified the +0 pair of gloves of Zin's Favour {Slay+2}
                  | (You bought it in a shop on level 2 of the Orcish Mines)
 27621 | Orc:2    | Bought a glowing hat for 280 gold pieces
 27627 | Orc:2    | Bought a pitted ring mail for 351 gold pieces
 27627 | Orc:2    | Identified the +4 ring mail of the Evil One {Dex+2} (You
                  | bought it in a shop on level 2 of the Orcish Mines)
 27627 | Orc:2    | Bought an ancient ring mail for 351 gold pieces
 27627 | Orc:2    | Identified the +0 ring mail "Uhecla" {Harm rPois rC+ Dex-4}
                  | (You bought it in a shop on level 2 of the Orcish Mines)
 27627 | Orc:2    | Bought a warped cloak for 370 gold pieces
 27627 | Orc:2    | Identified the +2 cloak of Depression {Str+2} (You bought
                  | it in a shop on level 2 of the Orcish Mines)
 28404 | D:12     | Reached skill level 5 in Armour
 28848 | D:13     | Found a shimmering altar of Xom.
 29075 | D:13     | Found a gate to the Vaults.
 30361 | Snake:1  | Entered Level 1 of the Snake Pit
 30373 | Snake:1  | Reached skill level 1 in Shields
 30682 | Snake:1  | Found Faohikus's Book Boutique.
 30683 | Snake:1  | Found Quakutea's Jewellery Emporium.
 30684 | Snake:1  | Found Dicosifi's Book Boutique.
 31040 | Snake:1  | Upgraded the game from 0.31-a0-180-g519b7de00c to
                  | 0.31-a0-188-g5e087ee2ca
 31048 | Snake:2  | Noticed Azrael
 31059 | Snake:2  | Killed Azrael
 31063 | Snake:2  | Noticed Aizul
 31310 | Snake:2  | Killed Aizul
 31691 | Snake:2  | Noticed a nagaraja
 31709 | Snake:2  | Killed a nagaraja
 31716 | Snake:2  | Noticed a nagaraja
 31722 | Snake:2  | Killed a nagaraja
 31726 | Snake:2  | Reached XP level 17. HP: 132/136 MP: 0/0
 31726 | Snake:2  | Learned a level 7 spell: Haunt
 32325 | Snake:3  | Found Patod's Armour Shoppe.
 32328 | Snake:3  | Found Okoi's Antique Armour Shoppe.
 32328 | Snake:3  | Found Pobby's Antique Armour Emporium.
 32331 | Snake:3  | Found Xiomn's Assorted Antiques.
 32357 | Snake:3  | Bought a spiked ring mail for 351 gold pieces
 32357 | Snake:3  | Identified the +0 ring mail of Failure {+Inv Fly Dex+3}
                  | (You bought it in a shop on level 3 of the Snake Pit)
 32364 | Snake:3  | Bought an ichor-stained ring mail for 333 gold pieces
 32364 | Snake:3  | Identified the +1 ring mail of Mysticism {rPois Int+5} (You
                  | bought it in a shop on level 3 of the Snake Pit)
 32488 | Snake:3  | Reached skill level 5 in Shields
 33465 | Snake:4  | Entered Level 4 of the Snake Pit
 34069 | Snake:4  | Identified the +6 morningstar of Rotten Watchfulness
                  | {flame, rElec MP+9 Stlth+}
 34475 | Snake:4  | Reached XP level 18. HP: 133/142 MP: 0/0
 34687 | Snake:4  | Reached skill level 10 in Armour
 35031 | Snake:4  | Got a serpentine rune of Zot
 35714 | D:15     | Entered Level 15 of the Dungeon
 36516 | D:15     | Found a staircase to the Depths.
 36883 | Shoals:1 | Entered Level 1 of the Shoals
 37064 | Shoals:1 | Noticed Kirke
 37068 | Shoals:1 | Killed Kirke
 37257 | Shoals:1 | Noticed Donald
 37269 | Shoals:1 | Killed Donald
 37400 | Shoals:1 | Noticed Frances
 37408 | Shoals:1 | Killed Frances
 37771 | Shoals:1 | Found a runed translucent gate.
 37771 | Shoals:1 | Found a runed translucent gate.
 37771 | Shoals:1 | Found a runed translucent gate.
 37772 | Shoals:1 | Noticed Diptof's ghost (adept TeAE)
 37773 | Shoals:1 | Noticed Pygol's ghost (adept DDNe)
 38012 | Shoals:2 | You are sucked into a shaft and drop 1 floor!
 38194 | Shoals:2 | Reached skill level 1 in Axes
 38195 | Shoals:2 | Reached skill level 10 in Shields
 38195 | Shoals:2 | Reached XP level 19. HP: 148/148 MP: 0/0
 38195 | Shoals:2 | Learned a level 7 spell: Malign Gateway
 38937 | Shoals:2 | Upgraded the game from 0.31-a0-188-g5e087ee2ca to
                  | 0.31-a0-214-gb37851dbb3
 39020 | Shoals:2 | Found Nabu's Dragon-Slaying Spoils.
 39027 | Shoals:2 | Bought the quicksilver dragon scales of Oferul {rElec Will+
                  | Int+3} for 1606 gold pieces
 39170 | Shoals:2 | Found Adghoq's General Store.
 39577 | Shoals:3 | Noticed Jorgrun
 39605 | Shoals:3 | Killed Jorgrun
 39882 | Shoals:3 | Noticed Nikola
 39896 | Shoals:3 | Killed Nikola
 40165 | Shoals:3 | Identified the +11 sling "Goblinbane" {freeze, Dex+7
                  | Stlth-}
 40766 | Shoals:4 | Entered Level 4 of the Shoals
 41033 | Shoals:4 | Noticed Bai Suzhen
 41081 | Shoals:4 | Killed Bai Suzhen
 41468 | Shoals:4 | Identified the +0 robe of Xuomea Nane {rN+}
 42207 | Shoals:4 | Identified the ring "Gyclefaarr" {rF+ AC+4}
 42473 | Shoals:4 | Noticed Polyphemus
 42480 | Shoals:4 | Killed Polyphemus
 42885 | Shoals:4 | Noticed Ilsuiw
 42917 | Shoals:4 | Reached XP level 20. HP: 92/155 MP: 0/0
 42932 | Shoals:4 | Killed Ilsuiw
 43421 | Shoals:4 | Got a barnacled rune of Zot
 43871 | Vaults:1 | Entered Level 1 of the Vaults
 46000 | Vaults:1 | Found a transporter.
 46045 | Vaults:1 | Found a transporter.
 46423 | Vaults:2 | Noticed Asterion
 46445 | Vaults:2 | Noticed Zenata
 46450 | Vaults:2 | HP: 5/155 [+1 heavy scimitar[Zenata] (21)]
 46450 | Vaults:2 | Mangled by a +1 morningstar of protection

Illustrated notes

Levels and vault maps discovered:
D:1:      dpeg_arrival_long_road, layout_loops_corners
D:2:      layout_rooms, minmay_misc_feat_cross, interstate_on_off,
          minmay_tree_intersection, uniq_sigmund
D:3:      layout_loops_ring, nicolae_tso_swordbearing_angel,
          gammafunk_ghost_arena, hellmonk_ecumenical_altar_arch_garden,
          uniq_ijyb, uniq_terence
D:4:      layout_cave_pods
D:5:      layout_basic, grunt_temple_overflow_lords_of_destruction,
          lemuel_zombie_altar_yredelemnul, jmf_multi_god_temple,
          minmay_temple_entry_large_hall, minivault_26
D:6:      layout_cave_pods, portal_sewer_entry_f, uniq_edmund
D:7:      layout_rooms
D:8:      layout_basic, nrook_mini_backslash, uniq_gastronok
D:9:      layout_cave_pods, nicolae_uskayaw_suspiria, serial_shops,
          nicolae_shop_real_fake_doors, hangedman_decor_clover_reticule,
          minmay_ruffians
D:10:     layout_roguey, minmay_orc_entry_temple_small
D:11:     layout_basic, due_lair_maze_entry_diamond
D:12:     layout_loops_ring, amcnicky_mini_pool_medium
D:13:     layout_loops_ring, erik_vaults_1, xom_confusion_cloud
D:14:     layout_loops_ring, corexii_leaking_fountain
D:15:     gammafunk_depths_entry_grave, layout_basic, glass_columns_c
Temple:   hellmonk_temple_divided_pantheon
Lair:1:   layout_cave_shapes, lightli_volcano_entry_magma_tube
Lair:2:   regret_index_combs_of_tragedy, layout_regular_city,
          minmay_snake_entry_six_corridors
Lair:3:   layout_cave_shapes, shoals_dummy_entry, infiniplex_staircase_pool_2,
          lemuel_fruit_fields
Lair:4:   layout_roguey, serial_bayou_shore_a, grunt_megastairs_3
Lair:5:   hangedman_lair_tendril_chambers, layout_layer_cave,
          guppyfry_lair_end_dragon, minmay_slime_entry_jelly_boxes
Shoals:1: layout_shoals, gammafunk_ghost_cemetery, uniq_donald, uniq_frances,
          uniq_kirke
Shoals:2: layout_shoals, serial_shops, nicolae_shop_window_shopping,
          nicolae_shop_dragon_depot
Shoals:3: nzn_motion_control, layout_shoals, uniq_jorgrun, uniq_nikola
Shoals:4: shoals_end_hangedman, layout_shoals, shoal_ilsuiw, uniq_polyphemus,
          uniq_bai_suzhen
Snake:1:  layout_onion_interference, lemuel_fruit_tree, minmay_shop_grove
Snake:2:  layout_misc_corridors, uniq_aizul, uniq_azrael
Snake:3:  layout_grid_shapes, nicolae_triple_integral, minmay_shoptagon
Snake:4:  grunt_snake_rune_serpentine_throne, layout_onion, grunt_megastairs_1
Orc:1:    layout_caves, basic_altar, uniq_fannar
Orc:2:    st_orc_elflike, layout_caves, uniq_maurice, uniq_nessos,
          uniq_josephine
Vaults:1: vaults_room_hallway, nicolae_vaults_triangles,
          nicolae_vaults_door_testing_chamber, nicolae_vaults_closet_pinwheel_1,
          gammafunk_the_bubble [the_bubble_gammafunk_crates],
          nicolae_vaults_diamond_2, v_misc_11, v_alt_pattern_1,
          nicolae_vaults_tetromino_L_1, nicolae_vaults_trapezoid_1, v_misc_3,
          nicolae_vaults_trapezoid_1, nicolae_vaults_heart-shaped_vault,
          layout_vaults_omnicross
Vaults:2: nicolae_vaults_thirteen_compartments, v_misc_27,
          nicolae_vaults_big_angled_halls, v_alt_pattern_6, v_misc_23, v_misc_9,
          vaults_room_fours, v_misc_15, nicolae_vaults_diagonal_hallway_7,
          vaults_room_grunt_arrival_ludios, nicolae_vaults_wine_cellar,
          layout_vaults_ring, serial_shops, shop, uniq_zenata, uniq_asterion,
          uniq_saint_roka

Skill      XL: |  1  2  3  4  5  6  7  8  9 10 11 12 13 14 15 16 17 18 19 20 |
---------------+-------------------------------------------------------------+-----
Fighting       | 1 2 3 4 6 8 10 11 13 14 16 17 | 17.3
Stealth        | 2 3 |  3.0
Dodging        | 3 4 5 7 9 |  9.1
Spellcasting   | 4 5 6 8 9 10 11 12 14 15 16 17 18 20 | 20.1
Conjurations   | 4 5 6 8 9 10 11 12 14 15 16 17 18 20 | 20.1
Hexes          | 4 5 6 8 9 10 11 12 14 15 16 17 18 20 | 20.1
Summonings     | 4 5 6 8 9 10 11 12 14 15 16 17 18 20 | 20.1
Necromancy     | 4 5 6 8 9 10 11 12 14 15 16 17 18 20 | 20.1
Translocations | 4 5 6 8 9 10 11 12 14 15 16 17 18 20 | 20.1
Transmutations | 4 5 6 8 9 10 11 12 14 15 16 17 18 20 | 20.1
Fire Magic     | 4 5 6 8 9 10 11 12 14 15 16 17 18 20 | 20.1
Ice Magic      | 4 5 6 8 9 10 11 12 14 15 16 17 18 20 | 20.1
Air Magic      | 4 5 6 8 9 10 11 12 14 15 16 17 18 20 | 20.1
Earth Magic    | 4 5 6 8 9 10 11 12 14 15 16 17 18 20 | 20.1
Poison Magic   | 4 5 6 8 9 10 11 12 14 15 16 17 18 20 | 20.1
Armour         | 3 7 9 10 | 10.9
Shields        | 3 7 10 | 10.5
Axes           | 1 |  1.1
Evocations     | |  0.8

Action                     |  1- 3 |  4- 6 |  7- 9 | 10-12 | 13-15 | 16-18 | 19-21 || total
---------------------------+-------+-------+-------+-------+-------+-------+-------++-------
  Melee: Unarmed           |       |       |     2 |       |       |       |       ||     2
         Dagger            |       |       |     1 |       |       |       |       ||     1
         War axe           |       |       |       |     2 |       |     3 |     6 ||    11
   Cast: Magic Dart        |    72 |    59 |   239 |   180 |   637 |   624 |       ||  1811
         Searing Ray       |     3 |     5 |     6 |     2 |       |       |       ||    16
         Fulminant Prism   |       |     3 |     8 |    37 |    32 |    17 |     2 ||    99
         Iskenderun's Myst |       |     1 |    52 |   150 |   166 |   152 |    32 ||   553
         Iskenderun's Batt |       |       |       |       |   111 |   120 |     4 ||   235
         Yara's Violent Un |       |       |       |       |       |    24 |     1 ||    25
         Haunt             |       |       |       |       |       |    83 |   266 ||   349
         Statue Form       |       |       |       |       |       |     3 |     6 ||     9
         Wereblood         |       |       |       |       |       |     1 |       ||     1
         Malign Gateway    |       |       |       |       |       |       |    28 ||    28
 Invoke: Call Merchant     |       |       |       |       |       |     3 |       ||     3
  Evoke: Wand              |       |       |       |     1 |       |       |     2 ||     3
    Use: Scroll            |     3 |     6 |    16 |     6 |     5 |     5 |     1 ||    42
         Potion            |       |       |     1 |     3 |     3 |     3 |     4 ||    14
 Armour: Robe              |     3 |     6 |    23 |    19 |    47 |    68 |     2 ||   168
         Skin              |       |       |       |       |       |    26 |    10 ||    36
         Quicksilver drago |       |       |       |       |       |       |    93 ||    93
  Dodge: Dodged            |     4 |     1 |    29 |    28 |    83 |   141 |    96 ||   382
  Block: Buckler           |       |       |       |       |       |    59 |    67 ||   126

Table legend: (Time is in decaauts)
 A = Elapsed time spent in this place.
 B = Non-inter-level travel time spent in this place.
 C = Inter-level travel time spent in this place.
 D = Time resting spent in this place.
 E = Time spent auto-exploring this place.
 F = Levels seen in this place.
 G = Mean time per level.
                   A        B        C        D        E       F      G
               +--------+--------+--------+--------+--------+-----+--------+
         Total |  46719 |  44045 |   2674 |   6096 |  29031 |  34 | 1374.1 |
       Dungeon |  18697 |  17445 |   1252 |   2624 |  12430 |  15 | 1246.5 |
        Temple |     56 |     50 |      6 |      0 |      0 |   1 |   56.0 |
          Lair |   9907 |   9420 |    487 |    503 |   7637 |   5 | 1981.4 |
        Shoals |   7061 |   6676 |    385 |   1371 |   3223 |   4 | 1765.2 |
     Snake Pit |   4827 |   4455 |    372 |    570 |   2513 |   4 | 1206.8 |
  Orcish Mines |   3207 |   3092 |    115 |    385 |   2032 |   2 | 1603.5 |
        Vaults |   2318 |   2263 |     55 |    643 |    739 |   2 | 1159.0 |
         Sewer |    642 |    642 |      0 |      0 |    457 |   1 |  642.0 |
               +--------+--------+--------+--------+--------+-----+--------+

Top non-repeatable levels by time:
  Lair:5: 3356 daAuts
Shoals:4: 2650 daAuts
  Lair:2: 2394 daAuts
Vaults:1: 2270 daAuts
   Orc:2: 2205 daAuts
    D:11: 1870 daAuts
     D:5: 1818 daAuts
  Lair:1: 1728 daAuts
 Snake:4: 1683 daAuts
Shoals:2: 1632 daAuts
     D:9: 1567 daAuts
Shoals:3: 1506 daAuts
     D:4: 1458 daAuts
     D:6: 1342 daAuts
  Lair:4: 1335 daAuts
